 Dungeon Crawl Stone Soup version 0.19.5 (webtiles) character file.

25571 Inarius the Blocker (level 12, 0/84 HPs)
             Began as a Minotaur Fighter on Apr 10, 2017.
             Was a High Priest of Qazlal.
             Slain by Rupert
             ... wielding a +1 executioner's axe of venom
              (25 damage)
             ... on level 14 of the Dungeon.
             The game lasted 01:34:46 (17350 turns).

Inarius the Blocker (Minotaur Fighter)             Turns: 17350, Time: 01:34:47

Health: 0/84       AC: 25    Str: 22    XL:     12   Next: 90%
Magic:  3/3        EV:  9    Int:  5    God:    Qazlal [*****.]
Gold:   764        SH: 21    Dex: 16    Spells: 0 memorised, 11 levels left

rFire  . . .     SeeInvis .     F - +3 hand axe (antimagic)
rCold  + . .     Gourm    .     P - +1 plate armour {rPois}
rNeg   . . .     Faith    .     c - +0 shield
rPois  +         Spirit   .     (helmet restricted)
rElec  .         Reflect  .     w - +0 cloak (curse)
rCorr  .         Harm     .     y - +0 pair of gloves
MR     .....                    h - +2 pair of boots
Stlth  ..........               H - amulet of magic regeneration
                                r - ring of protection from fire
                                D - ring of ice

@: lethally poisoned (0 -> -8), protected from physical damage, repel missiles
A: retaliatory headbutt, horns 2, agile 1, frail 2, no device heal 1
a: Upheaval, Elemental Force, Disaster Area, Renounce Religion


You were on level 14 of the Dungeon.
You worshipped Qazlal.
Qazlal was extremely pleased with you.
You were not hungry.

You visited 2 branches of the dungeon, and saw 15 of its levels.

You collected 764 gold pieces.

Inventory:

Hand Weapons
 E - a +3 hand axe
 F - a +3 antimagic hand axe (weapon)
 K - a +4 hand axe of chopping
Missiles
 d - 5 javelins
 L - 10 tomahawks (quivered)
Armour
 c - a +0 shield (worn)
 h - a +2 pair of boots (worn)
 w - a cursed +0 cloak (worn)
 y - a +0 pair of gloves (worn)
 P - a +1 plate armour of poison resistance (worn)
Jewellery
 o - an uncursed ring of ice
 r - a ring of protection from fire (right hand)
 D - a ring of ice (left hand)
 H - an amulet of magic regeneration (around neck)
Wands
 g - a wand of teleportation (4/9)
 q - a wand of disintegration (10/24)
 s - a wand of flame (23/48)
 x - a wand of flame (26/48)
 N - a wand of teleportation (7/9)
Scrolls
 b - a scroll of summoning
 e - 5 scrolls of noise
 i - a scroll of recharging
 j - 2 scrolls of magic mapping
 l - 9 scrolls of remove curse
 v - 7 scrolls of teleportation
 z - a scroll of brand weapon {unknown}
 J - a scroll of blinking {unknown}
Potions
 a - 2 potions of heal wounds {unknown}
 m - 5 potions of flight {unknown}
 n - 3 potions of lignification {unknown}
 t - 2 potions of mutation {unknown}
 u - 3 potions of brilliance {unknown}
 A - 2 potions of cancellation
 I - 2 potions of agility {unknown}
Books
 B - a book of Beasts

   Spells                             Type                      Level
   a - Summon Butterflies             Summoning                    1
   b - Call Canine Familiar           Summoning                    3
   c - Summon Ice Beast               Ice/Summoning                4
   d - Summon Mana Viper              Hexes/Summoning              5
   e - Summon Hydra                   Summoning                    7
 C - a book of Minor Magic

   Spells                             Type                      Level
   a - Magic Dart                     Conjuration                  1
   b - Blink                          Translocation                2
   c - Call Imp                       Summoning                    2
   d - Repel Missiles                 Charms/Air                   2
   e - Slow                           Hexes                        2
   f - Conjure Flame                  Conjuration/Fire             3
   g - Mephitic Cloud                 Conjuration/Poison/Air       3
Miscellaneous
 k - a crystal ball of energy
Comestibles
 f - 7 bread rations
 p - a beef jerky
 G - 29 fruits


   Skills:
 + Level 10.1 Fighting
 + Level 14.1 Axes
 + Level 5.4 Throwing
 + Level 11.0 Armour
 + Level 4.1 Dodging
 + Level 1.7 Stealth
 + Level 14.4 Shields
 + Level 0.6 Invocations


You had 11 spell levels left.
You didn't know any spells.

Dungeon Overview and Level Annotations

Branches:
Dungeon (14/15)            Temple (1/1) D:6            Lair (0/6) D:11
    Orc (0/2) D:11
 Vaults: D:13-14

Altars:
Ashenzari
Cheibriados
Dithmenos
Elyvilon
Fedhas
Gozag
Hepliaklqana
Kikubaaqudgha
Makhleb
Nemelex Xobeh
Okawaru
Qazlal
Ru
Sif Muna
Trog
Uskayaw
Vehumet
Xom
Yredelemnul
Zin
The Shining One

Portals:
Trove: D:11 (give +6 demon blade)

Annotations:
D:14 Rupert


Innate Abilities, Weirdness & Mutations

You reflexively headbutt those who attack you in melee.
You have a pair of horns on your head.
You are agile. (Dex +2)
You are very frail. (-20% HP)
Potions and wands are less effective at restoring your health.


Message History

Your eye of draining gazes at Rupert.
Rupert's magic leaks into the air.
Rupert shouts!
You feel sick.
Your centaur warrior zombie hits Rupert.
Rupert misses you.
Rupert hits your orc with an executioner's axe of venom!
Your orc dies!
Your orc's corpse dissolves into shadows!
Rupert hits your centaur warrior zombie with an executioner's axe of venom.
Rupert hits your eye of draining with an executioner's axe of venom!!
Your eye of draining dies!
You slash Rupert!
Rupert's magic leaks into the air.
You headbutt Rupert!
Rupert is severely wounded.
Your centaur warrior zombie hits Rupert!
You barely miss Rupert. You headbutt Rupert.
Rupert is severely wounded.
You feel sick.
Rupert hits you with an executioner's axe of venom!!
You die...

.###...........#.....#.....#
.#............. .....#.....#
.#####''########.....###...#
.......................#...#
.......................#...#
........#######'##§....#...#
%.......#.....§..§.....#...#
........#........#.....#...#
#####...#.......@#.....#...#
#...#...#......Z@#.....#...#
#...'...#.....§5§#.....#...#
#...#...#..[.....#.....#...#
#...+...#........#.....#...######
#...#...#........#...###........#
#...#...##########...#..........#
#####................#..........#
....................#..........#


You could see Rupert (berserk), a friendly shadow imp and a friendly centaur
warrior zombie.

Vanquished Creatures
  A fire dragon (D:9)
  The ghost of Inarius the Carver, a journeyman MiFi of Trog (D:12)
  A catoblepas (D:12)
  A tengu warrior (D:14)
  Urug (D:10)
  Nergalle (D:9)
  Sonja (D:10)
  6 hill giants
  Pikel (D:9)
  4 cyclopes
  3 gargoyles
  2 guardian mummies (D:11)
  A kobold demonologist (D:12)
  A hornet (D:11)
  3 trolls
  Prince Ribbit (D:7)
  Grinder (D:6)
  A two-headed ogre (D:9)
  4 hippogriffs
  A vampire (D:13)
  2 wyverns
  A wraith (D:14)
  Eustachio (D:6)
  2 basilisks
  Grum (D:8)
  A hungry ghost (D:12)
  A mottled dragon (D:14)
  3 wargs (D:11)
  Duvessa (D:6)
  An ice beast (D:5)
  16 orc warriors
  2 black bears
  4 sky beasts
  3 slaves (D:9)
  4 ogres
  3 wolves
  3 phantoms
  2 necrophages
  9 centaurs
  Blork the orc (D:4)
  3 big kobolds
  9 bullfrogs
  Dowan (D:6)
  9 scorpions
  A water moccasin skeleton (D:9)
  58 killer bees
  4 wights (D:13)
  A howler monkey (D:4)
  3 electric eels (D:11)
  11 crimson imps
  The ghost of devil0150 the Magician, a weakling HEWz (D:4)
  A bullfrog zombie (D:11)
  A quasit (D:12)
  2 centaur zombies
  14 orc priests
  2 bullfrog skeletons
  4 hounds
  3 jellies
  A centaur skeleton (D:7)
  2 iguanas
  26 orc wizards
  12 worker ants
  A hound skeleton (D:5)
  2 worker ant zombies (D:5)
  13 adders
  3 shadow imps
  An ooze (D:2)
  A worm (D:6)
  3 dart slugs
  4 leopard geckos
  77 orcs
  9 giant cockroaches
  10 goblins
  8 hobgoblins
  9 jackals
  7 quokkas
  2 ball pythons
  14 bats
  11 frilled lizards
  10 kobolds
  2 quokka skeletons
  8 rats
  2 plants
463 creatures vanquished.

Vanquished Creatures (others)
  A slave (D:9)
  A scorpion (D:9)
  An orc (D:10)
3 creatures vanquished.

Grand Total: 466 creatures vanquished

Notes
Turn   | Place    | Note
-------+----------+-------------------------------------------
     0 | D:1      | Inarius the Minotaur Fighter began the quest for the Orb.
     0 | D:1      | Reached XP level 1. HP: 19/19 MP: 0/0
   232 | D:1      | Reached XP level 2. HP: 27/27 MP: 1/1
   798 | D:1      | Reached XP level 3. HP: 33/33 MP: 2/2
  1141 | D:2      | Reached XP level 4. HP: 39/40 MP: 3/3
  1238 | D:2      | Found a sparkling altar of Nemelex Xobeh.
  1606 | D:3      | Found a blossoming altar of Fedhas.
  1611 | D:3      | Found a stormy altar of Qazlal.
  1623 | D:3      | Became a worshipper of Qazlal Stormbringer
  1999 | D:4      | Reached XP level 5. HP: 46/46 MP: 4/4
  2003 | D:4      | Reached skill level 5 in Shields
  2137 | D:4      | Noticed devil0150's ghost (weakling HEWz)
  2148 | D:4      | Killed devil0150's ghost
  2153 | D:4      | Reached skill level 5 in Axes
  2153 | D:4      | Reached XP level 6. HP: 39/53 MP: 5/5
  2161 | D:4      | Reached skill level 1 in Dodging
  2301 | D:4      | Found a hazy altar of Hepliaklqana.
  2370 | D:4      | Reached * piety under Qazlal
  2527 | D:4      | Reached skill level 5 in Armour
  2666 | D:4      | Found a glowing silver altar of Zin.
  2713 | D:4      | Noticed Blork the orc
  2716 | D:4      | Killed Blork the orc
  2910 | D:5      | Entered Level 5 of the Dungeon
  2944 | D:5      | Reached XP level 7. HP: 49/60 MP: 6/6
  3211 | D:5      | Reached skill level 5 in Fighting
  3318 | D:5      | Found a radiant altar of Vehumet.
  3375 | D:5      | Found a glowing golden altar of the Shining One.
  3719 | D:5      | Reached XP level 8. HP: 69/69 MP: 7/7
  4055 | D:6      | Reached ** piety under Qazlal
  4334 | D:6      | Noticed Eustachio
  4351 | D:6      | Killed Eustachio
  4420 | D:6      | Noticed Grinder
  4439 | D:6      | Killed Grinder
  4714 | D:6      | Got a fabulously ornate robe
  4716 | D:6      | Identified the +2 robe of Keor {rC- rN+ Dex+2} (You found it on level 6 of the Dungeon)
  4747 | D:6      | Noticed Duvessa
  4756 | D:6      | Noticed Dowan
  4760 | D:6      | Killed Duvessa
  4766 | D:6      | Killed Dowan
  4766 | D:6      | Reached skill level 1 in Throwing
  5041 | D:6      | Found a staircase to the Ecumenical Temple.
  5169 | D:6      | Reached XP level 9. HP: 71/75 MP: 8/8
  5329 | D:6      | Found a snail-covered altar of Cheibriados.
  5422 | Temple   | Entered the Ecumenical Temple
  5630 | D:7      | Noticed Prince Ribbit
  5639 | D:7      | Killed Prince Ribbit
  5639 | D:7      | Reached skill level 10 in Axes
  5756 | D:7      | Noticed a hill giant
  5767 | D:7      | Killed a hill giant
  5822 | D:7      | Reached *** piety under Qazlal
  5983 | D:7      | Noticed a dagger
  5985 | D:7      | Noticed a hand axe
  5991 | D:7      | Found a hide-covered altar of Uskayaw.
  6363 | D:8      | Reached XP level 10. HP: 77/84 MP: 9/9
  6829 | D:8      | Reached skill level 10 in Shields
  6832 | D:8      | Noticed Grum
  7033 | D:8      | Killed Grum
  7417 | D:8      | Reached **** piety under Qazlal
  7580 | D:8      | Found a shattered altar of Ashenzari.
  7659 | D:8      | Noticed a hill giant
  7672 | D:8      | Killed a hill giant
  8160 | D:9      | Noticed Pikel
  8176 | D:9      | Killed Pikel
  8176 | D:9      | Reached XP level 11. HP: 82/94 MP: 10/10
  8487 | D:9      | Noticed a fire dragon
  8507 | D:9      | Killed a fire dragon
  8507 | D:9      | Reached skill level 1 in Stealth
  9839 | D:10     | Entered Level 10 of the Dungeon
  9861 | D:10     | Noticed Nergalle
  9912 | D:10     | Noticed Sonja
  9922 | D:9      | Killed Nergalle
 10252 | D:10     | Killed Sonja
 10961 | D:10     | Found a basalt altar of Yredelemnul.
 10961 | D:10     | Noticed Urug
 11004 | D:10     | Killed Urug
 11180 | D:10     | Noticed a hill giant
 11287 | D:11     | Reached ***** piety under Qazlal
 11586 | D:10     | Killed a hill giant
 11761 | D:10     | Noticed a hill giant
 11780 | D:10     | Killed a hill giant
 12094 | D:11     | Noticed a four-headed hydra
 13008 | D:11     | Reached XP level 12. HP: 93/103 MP: 3/11
 13230 | D:11     | Gained mutation: Potions and wands are less effective at restoring your health. [mutagenic meat]
 13231 | D:11     | Gained mutation: You are agile. (Dex +2) [mutagenic meat]
 13232 | D:11     | Gained mutation: You are frail. (-10% HP) [mutagenic meat]
 13233 | D:11     | Gained mutation: You are very frail. (-20% HP) [mutagenic meat]
 13241 | D:11     | Found a staircase to the Lair.
 13282 | D:11     | Reached skill level 10 in Armour
 13588 | D:11     | Found a staircase to the Orcish Mines.
 13864 | D:11     | Found a portal to a secret trove of treasure.
 14106 | D:12     | Noticed Inarius's ghost (journeyman MiFi)
 14185 | D:12     | Killed Inarius's ghost
 15573 | D:13     | Reached skill level 5 in Throwing
 15748 | D:13     | Noticed a catoblepas
 16079 | D:12     | Killed a catoblepas
 17118 | D:14     | Noticed a tengu warrior
 17129 | D:14     | Killed a tengu warrior
 17129 | D:14     | Reached skill level 10 in Fighting
 17312 | D:14     | Noticed Rupert
 17314 | D:14     | Paralysed by Rupert for 4 turns
 17350 | D:14     | Slain by Rupert

Skill      XL: |  1  2  3  4  5  6  7  8  9 10 11 12 |
---------------+-------------------------------------+-----
Armour         | 4 5 6 7 8 9 11 | 11.0
Shields        | 4 5 6 7 9 11 13 14 | 14.4
Axes           | 3 4 5 6 7 9 10 11 13 14 | 14.1
Fighting       | 4 5 6 7 8 10 | 10.1
Dodging        | 1 2 3 4 |  4.1
Throwing       | 1 2 3 4 5 |  5.4
Stealth        | 1 |  1.7
Invocations    | |  0.6

Action                   |  1- 3 |  4- 6 |  7- 9 | 10-12 || total
-------------------------+-------+-------+-------+-------++-------
Melee: War axe           |    96 |   150 |   111 |       ||   357
       Headbutt          |    19 |    25 |    68 |   247 ||   359
       Hand axe          |       |       |   203 |  1114 ||  1317
Throw: Tomahawk          |       |       |    33 |   105 ||   138
       Javelin           |       |       |       |     9 ||     9
Invok: Upheaval          |       |       |       |     1 ||     1
       Elemental Force   |       |       |       |     1 ||     1
  Use: Scroll            |       |     4 |     4 |     8 ||    16
       Potion            |       |       |     1 |    17 ||    18
  Eat: Chunk             |     1 |     6 |    10 |    17 ||    34
       Beef jerky        |       |       |     1 |       ||     1
       Bread ration      |       |       |       |     2 ||     2
       Meat ration       |       |       |       |     2 ||     2
       Fruit             |       |       |       |     3 ||     3
       Pizza             |       |       |       |     2 ||     2
Armor: Scale mail        |    56 |    54 |    34 |       ||   144
       Chain mail        |       |       |    54 |    98 ||   152
       Plate armour      |       |       |       |   241 ||   241
       Fire dragon scale |       |       |       |    18 ||    18
Dodge: Dodged            |    32 |    34 |    54 |   192 ||   312
       Deflected         |       |       |       |    12 ||    12
Block: Shield            |    49 |    74 |   191 |   774 ||  1088
